 Seeded DCSS version 0.30-a0-1114-gd936c97349 (webtiles) character file.

Game seed: 10500318188560928690 (custom seed)

776 Pimp the Firebug (level 7, -7/57 HPs)
             Began as a Hill Orc Fire Elementalist on Apr 19, 2023.
             Was a Follower of Beogh.
             Mangled by IdlyInterested's ghost (10 damage)
             ... on level 5 of the Dungeon on Apr 20, 2023.
             The game lasted 00:16:19 (4918 turns).

Pimp the Firebug (Hill Orc Fire Elementalist)       Turns: 4918, Time: 00:16:20

Health: -7/57      AC:  6    Str: 11    XL:     7   Next: 84%
Magic:  3/11       EV: 12    Int: 20    God:    Beogh [*.....]
Gold:   302        SH:  5    Dex: 11    Spells: 8/11 levels left

rFire   + . .      SeeInvis .    j - +7 dagger "Moca Sug" {flame, rN+ Int+3}
rCold   + . .      Faith    .    d - +1 buckler
rNeg    + . .      Spirit   .    a - +0 robe
rPois   +          Reflect  .    (no helmet)
rElec   +          Rampage  .    (no cloak)
rCorr   +                        (no gloves)
Will    .....                    (no boots)
Stlth   ++                       (no amulet)
HPRegen 0.29/turn                l - +4 ring of protection
MPRegen 0.12/turn                k - ring of resist corrosion

@: brilliant, resistant, hasted, very quick
A: no striking features
a: Renounce Religion


You were on level 5 of the Dungeon.
You worshipped Beogh.
Beogh was aware of your devotion.
You visited 1 branch of the dungeon, and saw 5 of its levels.

You collected 302 gold pieces.

Inventory:

Hand Weapons
 c - a +1 hand axe of protection
 j - the +7 dagger "Moca Sug" (weapon) {flame, rN+ Int+3}
   (You took it off an orc on level 5 of the Dungeon)

   Int:       It affects your intelligence (+3).
   rN:        It protects you from negative energy.
 t - a +0 war axe
Armour
 a - a +0 robe (worn)
 d - a +1 buckler (worn)
 m - the +3 leather armour of Hubris {Harm MP-9 Str+4}
   (You took it off an orc on level 5 of the Dungeon)

   Str:       It affects your strength (+4).
   MP:        It affects your magic capacity (-9).
   Harm:      It increases damage dealt and taken.
Magical Staves
 g - a staff of fire
Jewellery
 k - a ring of resist corrosion (right hand)
 l - a +4 ring of protection (left hand)
 o - a ring of poison resistance
 s - a +6 ring of strength
Wands
 b - a wand of mindburst (5)
Potions
 e - 2 potions of degeneration
 h - a potion of attraction
 i - a potion of lignification
 n - a potion of haste


   Skills:
 + Level 3.2 Fighting
 + Level 3.4 Axes
 + Level 2.7 Armour
 + Level 2.7 Dodging
 - Level 1.8 Stealth
 + Level 2.9 Shields
 + Level 2.8 Spellcasting
 + Level 3.1 Conjurations
 + Level 4.5 Fire Magic


You had 8 spell levels left.
You knew the following spells:

 Your Spells              Type           Power      Damage    Failure   Level
a - Foxfire               Conj/Fire      100%       2x1d9     4%          1
b - Scorch                Fire           62%        2d8       4%          2

Your spell library contained the following spells:

 Spells                   Type           Power      Damage    Failure   Level
 Inner Flame              Hex/Fire       17%        N/A       22%         3
 Volatile Blastmotes      Fire/Tloc      34%        2d12      22%         3
 Flame Wave               Conj/Fire      27%        2d9       36%         4
 Gell's Gravitas          Tloc           4%         N/A       50%         3
 Teleport Other           Tloc           4%         N/A       50%         3
 Dispersal                Tloc           2%         N/A       100%        6


Dungeon Overview and Level Annotations

Branches:
Dungeon (5/15)             Temple (0/1) D:5

Altars:
Kikubaaqudgha
Makhleb
Zin
Beogh

Shops:
D:1 [

Annotations:
D:5 IdlyInterested's ghost, amateur DsFi


Message History

IdlyInterested's ghost is severely damaged.
IdlyInterested's ghost closely misses you.
You hit IdlyInterested's ghost but do no damage.
IdlyInterested's ghost is severely damaged.
You hit IdlyInterested's ghost but do no damage.
IdlyInterested's ghost is severely damaged.
You block IdlyInterested's ghost's attack.
You hit IdlyInterested's ghost.
IdlyInterested's ghost is almost destroyed.
IdlyInterested's ghost misses you.
You hit IdlyInterested's ghost but do no damage.
IdlyInterested's ghost is almost destroyed.
IdlyInterested's ghost closely misses you.
You hit IdlyInterested's ghost but do no damage.
IdlyInterested's ghost is almost destroyed.
You hit IdlyInterested's ghost but do no damage.
IdlyInterested's ghost is almost destroyed.
IdlyInterested's ghost hits you.
* * * LOW HITPOINT WARNING * * *
Your +1 hand axe of protection goes still.
You feel clever.
The +7 dagger "Moca Sug" {flame, rN+ Int+3} bursts into flame!
j - the +7 dagger "Moca Sug" (weapon)
{flame, rN+ Int+3} You hit IdlyInterested's ghost.
IdlyInterested's ghost is almost destroyed.
IdlyInterested's ghost hits you but does no damage.
You hit IdlyInterested's ghost but do no damage.
IdlyInterested's ghost is almost destroyed.
IdlyInterested's ghost hits you!
* * * LOW HITPOINT WARNING * * *
You hit IdlyInterested's ghost but do no damage.
IdlyInterested's ghost is almost destroyed.
You hit IdlyInterested's ghost.
IdlyInterested's ghost is almost destroyed.
IdlyInterested's ghost hits you.
* * * LOW HITPOINT WARNING * * *
You hit IdlyInterested's ghost.
IdlyInterested's ghost is almost destroyed.
IdlyInterested's ghost hits you!
You die...

###### #<...# ######
###############.# #....# #
.o.#...W.W..# #.# #....# #
##.#.######.###.#######....######
#........#....W#.)........'.....
#...#......####@.#####....######
##...#..#.#.#.....[#.............
.....#....#...##...#.......######
###..########......#.......'.#...
# #.........#......#.......#.#.##
.##.#######.#......#.......#.#.#
...)# #.#......#.......#.#.#
##..# #.#.###..#.......#.#.##
###.### #.#......#.#.#.....#...


You could see IdlyInterested's ghost.

Vanquished Creatures
  Sigmund (D:3)
  An ice beast (D:5)
  A bullfrog (D:4)
  3 scorpions
  A jelly (D:5)
  An orc priest (D:5)
  3 iguanas
  4 adders
  A worm (D:4)
  2 dart slugs
  21 orcs
  2 ball pythons
  3 endoplasms
  5 giant cockroaches
  2 goblins (D:2)
  7 hobgoblins
  4 jackals (D:3)
  5 quokkas
  3 bats
  4 frilled lizards
  10 kobolds
  2 rats
  2 rat zombies (D:3)
88 creatures vanquished.

Vanquished Creatures (others)
  An orc (D:3)
  82 foxfires
83 creatures vanquished.

Grand Total: 171 creatures vanquished

Notes
Turn   | Place    | Note
-------+----------+-------------------------------------------
     0 | D:1      | Pimp the Hill Orc Fire Elementalist began the quest for the
                  | Orb.
     0 | D:1      | Reached XP level 1. HP: 14/14 MP: 3/3
   209 | D:1      | Reached XP level 2. HP: 20/20 MP: 0/4
   431 | D:1      | Found Deass's Antique Armour Boutique.
   472 | D:1      | Found a faded altar of an unknown god.
   727 | D:2      | Reached XP level 3. HP: 26/26 MP: 1/5
  1126 | D:2      | Reached skill level 1 in Axes
  1160 | D:2      | Learned a level 2 spell: Scorch
  1457 | D:3      | Reached skill level 1 in Fighting
  1565 | D:3      | Reached XP level 4. HP: 30/33 MP: 4/7
  1622 | D:3      | Reached skill level 1 in Shields
  1855 | D:3      | Found an ancient bone altar of Kikubaaqudgha.
  1860 | D:3      | Upgraded the game from 0.30-a0-1112-gfb780f5df6 to
                  | 0.30-a0-1114-gd936c97349
  1917 | D:3      | Noticed Sigmund
  1936 | D:3      | Killed Sigmund
  1937 | D:3      | Reached skill level 1 in Armour
  1937 | D:3      | Reached XP level 5. HP: 21/41 MP: 4/8
  2059 | D:3      | Reached XP level 6. HP: 48/48 MP: 2/9
  2303 | D:3      | Reached skill level 4 in Fire Magic
  2359 | D:3      | Found a roughly hewn altar of Beogh.
  2360 | D:3      | Became a worshipper of Beogh the Brigand
  2679 | D:3      | Found a glowing silver altar of Zin.
  3082 | D:4      | Reached XP level 7. HP: 55/56 MP: 5/10
  3837 | D:5      | Entered Level 5 of the Dungeon
  4158 | D:5      | Reached * piety under Beogh
  4387 | D:5      | Found a staircase to the Ecumenical Temple.
  4484 | D:5      | Found a runed translucent gate.
  4485 | D:5      | Found a runed translucent gate.
  4485 | D:5      | Identified the +7 dagger "Moca Sug" {flame, rN+ Int+3}
  4485 | D:5      | Identified the +3 leather armour of Hubris {Harm MP-9
                  | Str+4}
  4486 | D:5      | Found a runed translucent gate.
  4487 | D:5      | Noticed IdlyInterested's ghost (amateur DsFi)
  4488 | D:5      | Found a roughly hewn altar of Beogh.
  4619 | D:5      | Found a burning altar of Makhleb.
  4619 | D:5      | Noticed a cacodemon
  4899 | D:5      | HP: 1/57 [IdlyInterested's ghost (10)]
  4918 | D:5      | Mangled by IdlyInterested's ghost

Illustrated notes

Levels and vault maps discovered:
D:1:      dpeg_arrival_castle, layout_rooms, serial_shops, nicolae_square_shop,
          hellmonk_ecumenical_altar_zigzags
D:2:      layout_basic
D:3:      layout_loops_ring, lemuel_zombie_altar_kikubaaqudgha, zin_statuary,
          kennysheep_orc_chapel, uniq_sigmund
D:4:      layout_basic
D:5:      layout_basic, makhleb_altar_promises_db, amcnicky_altar_gilded,
          nicolae_tso_carved_into_rock, marbit_many_paths, temple_pool_b,
          biasface_ghost_orc_armoury

Skill      XL: |  1  2  3  4  5  6  7 |
---------------+----------------------+-----
Axes           | 1 2 3 |  3.4
Spellcasting   | 2 |  2.8
Fighting       | 1 2 3 |  3.2
Shields        | 1 2 |  2.9
Armour         | 1 2 |  2.7
Dodging        | 2 |  2.7
Conjurations   | 2 3 |  3.1
Fire Magic     | 4 |  4.5
Stealth        | |  1.8

Action                     |  1- 3 |  4- 6 |  7- 9 || total
---------------------------+-------+-------+-------++-------
  Melee: Hand axe          |    77 |     1 |    67 ||   145
         Staff             |       |    17 |     8 ||    25
         Dagger            |       |       |     5 ||     5
   Cast: Foxfire           |    32 |    17 |     2 ||    51
         Scorch            |     6 |    25 |    47 ||    78
 Invoke: Convert to Beogh  |       |     1 |       ||     1
    Use: Potion            |     1 |     1 |     9 ||    11
         Scroll            |     1 |     5 |     9 ||    15
   Stab: Sleeping          |       |     1 |       ||     1
 Armour: Robe              |    24 |     3 |    19 ||    46
  Dodge: Dodged            |    84 |    16 |    48 ||   148
  Block: Buckler           |    22 |     7 |    23 ||    52

Table legend: (Time is in decaauts)
 A = Elapsed time spent in this place.
 B = Non-inter-level travel time spent in this place.
 C = Inter-level travel time spent in this place.
 D = Time resting spent in this place.
 E = Time spent auto-exploring this place.
 F = Levels seen in this place.
 G = Mean time per level.
                   A        B        C        D        E       F      G
               +--------+--------+--------+--------+--------+-----+--------+
         Total |   4947 |   4762 |    185 |   1171 |   2631 |   5 |  989.4 |
       Dungeon |   4947 |   4762 |    185 |   1171 |   2631 |   5 |  989.4 |
               +--------+--------+--------+--------+--------+-----+--------+

Top non-repeatable levels by time:
     D:3: 1351 daAuts
     D:4: 1120 daAuts
     D:5: 1043 daAuts
     D:2: 732 daAuts
     D:1: 700 daAuts
